 Dungeon Sprint DCSS version 0.31-a0-7-g51783674b7 (webtiles) character file.

Game seed: 1512821379736072901

802 sircluck the Grappler (level 7, -4/78 HPs)
             Began as a Troll Berserker on May 5, 2023.
             Was a High Priest of Trog.
             Slain by a red ugly thing (12 damage)
             ... in the Dungeon (Sprint IX: "|||||||||||||||||||||||||||||").
             The game lasted 00:00:37 (144 turns).

sircluck the Grappler (Troll Berserker)              Turns: 144, Time: 00:00:38

Health: -4/78      AC:  8    Str: 28    XL:     7   Next: 59%
Magic:  6/6        EV: 12    Int:  3    God:    Trog [*****.]
Gold:   0          SH:  0    Dex:  9    Spells: 6/6 levels left

rFire   . .          .
                       - Unarmed
rCold   . . .        (no shield)
rNeg    . . .        a - +0 animal skin
rPois   .            (helmet restricted)
rElec   .            (no cloak)
rCorr   .            (gloves unavailable)
SInv    .            (boots unavailable)
Will    .....        (no amulet)
Stlth   +            k - +2 ring of protection
HPRegen 1.13/turn    j - +2 ring of protection
MPRegen 0.10/turn

%: no teleportation
@: no status effects
A: large, unfitting armour, claws 3, regeneration 1, shaggy fur 1, tough skin 1
a: Renounce Religion, Berserk, Trog's Hand, Brothers in Arms


You were in the Dungeon.
You worshipped Trog.
Trog was extremely pleased with you.
You visited 1 branch

Inventory:

Armour
 a - a +0 animal skin (worn)
Jewellery
 j - a +2 ring of protection (right claw)
 k - a +2 ring of protection (left claw)
Wands
 i - a wand of acid (10)
Scrolls
 g - 2 scrolls of blinking
Potions
 b - 5 potions of curing
 c - 3 potions of heal wounds
 d - a potion of haste
 e - 4 potions of magic
 f - a potion of berserk rage
 h - a potion of invisibility


   Skills:
 + Level 7.6 Fighting
 + Level 8.4 Dodging
 + Level 11.3 Unarmed Combat


You had 6 spell levels left.
You didn't know any spells.
Your spell library was empty.

Dungeon Overview and Level Annotations

Branches:
Dungeon (1/1)

Altars:
Cheibriados
Dithmenos
Elyvilon
Fedhas
Gozag
Hepliaklqana
Kikubaaqudgha
Makhleb
Nemelex Xobeh
Okawaru
Qazlal
Ru
Sif Muna
Trog
Uskayaw
Vehumet
Wu Jian
Xom
Yredelemnul
Zin
The Shining One
Jiyva
Lugonu


Innate Abilities, Weirdness & Mutations

You are too large for most types of armour.
You have claws for hands.
Your natural rate of healing is unusually fast.
You are covered in fur. (AC +1)
You have tough skin. (AC +1)


Message History

You feel yourself speed up.
You start waiting.
You recover from your berserk rage.
You open the door. 2 green ugly things, a basilisk, an efreet, a troll and a vampire come into view.
The efreet is wielding a +3 scimitar of flaming.
The green ugly thing gurgles horribly! x2
The green ugly thing basks in the mutagenic energy from its kin and changes!
You mangle the basilisk!!
The basilisk is heavily wounded.
The basilisk misses you.
You claw the basilisk!
The basilisk is almost dead.
The basilisk bites you but does no damage.
You closely miss the basilisk.
The basilisk is almost dead.
The basilisk bites you but does no damage.
You mangle the basilisk!!
You kill the basilisk!
Trog accepts your kill.
Your Unarmed Combat skill increases to level 11!
You scratch the red ugly thing but do no damage.
The red ugly thing claws you!
You are engulfed in flames!
You mangle the red ugly thing!! Your claw misses the red ugly thing.
The red ugly thing is moderately wounded.
The vampire gestures wildly while chanting.
The vampire flickers and vanishes!
Deactivating autopickup; reactivate with Ctrl-A.
You barely miss the red ugly thing.
The red ugly thing is moderately wounded.
The red ugly thing claws you.
You are engulfed in flames!!
You claw the red ugly thing!
The red ugly thing is heavily wounded.
The green ugly thing basks in the mutagenic energy from its kin and changes!
The red ugly thing claws you.
You are engulfed in flames!!
* * * LOW HITPOINT WARNING * * *
You mangle the red ugly thing!!
The red ugly thing is severely wounded.
The red ugly thing claws you!
You die... ▓▓▓▓▓▓▓▓▓▓▓▓▓▓▓▓▓▓▓▓▓▓▓▓ '.?).[[[..†.))..@uuRT{.. ▓▓▓▓▓▓▓▓▓▓▓▓▓▓▓▓▓▓▓▓▓▓▓▓

You could see 2 ugly things, a troll and an efreet.

Vanquished Creatures
  A troll (D)
  A basilisk (D)
  An orc warrior (D)
  A centaur (D)
  A gnoll sergeant (D)
  A killer bee (D)
  A howler monkey (D)
  A jelly (D)
  2 hounds (D)
  An iguana (D)
  An orc (D)
  2 giant cockroaches (D)
  2 ball pythons (D)
  A kobold (D)
17 creatures vanquished.

Notes
Turn   | Place    | Note
-------+----------+-------------------------------------------
     0 | D        | sircluck the Troll Berserker began the quest for the Orb.
     0 | D        | Reached XP level 1. HP: 22/22 MP: 0/0
     6 | D        | Reached ** piety under Trog
    18 | D        | Noticed an iguana
    18 | D        | Noticed a jelly
    18 | D        | Noticed a hound
    18 | D        | Noticed a hound
    20 | D        | Killed an iguana
    21 | D        | Reached skill level 4 in Unarmed Combat
    21 | D        | Reached XP level 2. HP: 32/32 MP: 1/1
    21 | D        | Reached XP level 3. HP: 39/39 MP: 2/2
    21 | D        | Reached *** piety under Trog
    23 | D        | Reached skill level 5 in Unarmed Combat
    25 | D        | Reached skill level 6 in Unarmed Combat
    25 | D        | Reached XP level 4. HP: 46/49 MP: 3/3
    28 | D        | Reached skill level 5 in Dodging
    34 | D        | Found a snail-covered altar of Cheibriados.
    34 | D        | Found a shadowy altar of Dithmenos.
    34 | D        | Found a white marble altar of Elyvilon.
    34 | D        | Found a blossoming altar of Fedhas.
    34 | D        | Found an opulent altar of Gozag.
    35 | D        | Found a hazy altar of Hepliaklqana.
    36 | D        | Found a viscous altar of Jiyva.
    37 | D        | Found an ancient bone altar of Kikubaaqudgha.
    38 | D        | Found a corrupted altar of Lugonu.
    39 | D        | Found a burning altar of Makhleb.
    40 | D        | Found a sparkling altar of Nemelex Xobeh.
    41 | D        | Found an iron altar of Okawaru.
    42 | D        | Found a stormy altar of Qazlal.
    43 | D        | Found a sacrificial altar of Ru.
    44 | D        | Found a shimmering blue altar of Sif Muna.
    45 | D        | Found a bloodstained altar of Trog.
    46 | D        | Found a hide-covered altar of Uskayaw.
    47 | D        | Found a radiant altar of Vehumet.
    48 | D        | Found an ornate altar of the Wu Jian Council.
    49 | D        | Found a shimmering altar of Xom.
    50 | D        | Found a basalt altar of Yredelemnul.
    51 | D        | Found a glowing silver altar of Zin.
    52 | D        | Found a glowing golden altar of the Shining One.
    78 | D        | Noticed a troll
    78 | D        | Noticed a gnoll sergeant
    78 | D        | Noticed a centaur
    78 | D        | Noticed an orc warrior
    80 | D        | Reached **** piety under Trog
    81 | D        | Reached skill level 5 in Fighting
    81 | D        | Reached skill level 7 in Unarmed Combat
    81 | D        | Reached XP level 5. HP: 57/57 MP: 4/4
    87 | D        | Killed a troll
    88 | D        | Reached skill level 9 in Unarmed Combat
    88 | D        | Reached XP level 6. HP: 68/68 MP: 5/5
    94 | D        | Reached skill level 10 in Unarmed Combat
    96 | D        | Reached XP level 7. HP: 78/78 MP: 6/6
    96 | D        | Reached ***** piety under Trog
   135 | D        | Noticed a green ugly thing
   135 | D        | Noticed a green ugly thing
   135 | D        | Noticed a basilisk
   135 | D        | Noticed an efreet
   135 | D        | Noticed a troll
   135 | D        | Noticed a vampire
   139 | D        | Killed a basilisk
   140 | D        | Reached skill level 11 in Unarmed Combat
   144 | D        | Slain by a red ugly thing

Illustrated notes

Levels and vault maps discovered:
D:        linesprint [early_d, line_temple, items_1, d_10, items_2, lair_1,
          lair_end, items_3, orc_1, orc_end, items_4, d_15, swamp_1, shoals_1,
          snake_1, spider_1, d_20, vaults_1, items_5, swamp_end, shoals_end,
          snake_end, spider_end, vaults_end, d_27, items_6, zot_1, zot_end,
          crypt_end, forest_end, elf_end, slime_end, tomb_end, abyss_end,
          pan_hell_end]

Skill      XL: |  1  2  3  4  5  6  7 |
---------------+----------------------+-----
Fighting       | 3 4 5 6 7 |  7.6
Dodging        | 3 4 5 7 8 |  8.4
Unarmed Combat | 4 6 7 9 10 11 | 11.3

Action                     |  1- 3 |  4- 6 |  7- 9 || total
---------------------------+-------+-------+-------++-------
  Melee: Unarmed           |    14 |    16 |    10 ||    40
         Punch             |       |     1 |       ||     1
 Invoke: Berserk           |       |     1 |       ||     1
 Armour: Animal skin       |     1 |     3 |     2 ||     6
  Dodge: Dodged            |     3 |    13 |     1 ||    17

Table legend: (Time is in decaauts)
 A = Elapsed time spent in this place.
 B = Non-inter-level travel time spent in this place.
 C = Inter-level travel time spent in this place.
 D = Time resting spent in this place.
 E = Time spent auto-exploring this place.
 F = Levels seen in this place.
 G = Mean time per level.
                   A        B        C        D        E       F      G
               +--------+--------+--------+--------+--------+-----+--------+
         Total |    143 |    143 |      0 |     45 |      3 |   1 |  143.0 |
       Dungeon |    143 |    143 |      0 |     45 |      3 |   1 |  143.0 |
               +--------+--------+--------+--------+--------+-----+--------+

Top non-repeatable levels by time:
       D: 143 daAuts
